 Dungeon Crawl Stone Soup version 0.29.1-15-g9cfb28693d (webtiles) character file.

Game seed: 2800474249418856104

9466 Haiku the Vexing (level 11, -10/127 HPs)
             Began as a Grey Draconian Enchanter on Feb 28, 2023.
             Was an Elder of Ru.
             Mangled by a red devil
             ... wielding a +0 trident
             ... summoned by an orc sorcerer
             ... led by an orc knight
              (14 damage)
             ... on level 1 of the Orcish Mines.
             The game lasted 00:59:05 (11325 turns).

Haiku the Vexing (Grey Draconian Enchanter)        Turns: 11325, Time: 00:59:06

Health: -10/127    AC: 12    Str: 13    XL:     11   Next: 23%
Magic:  0/19       EV: 13    Int: 21    God:    Ru [****..]
Gold:   586        SH:  0    Dex: 10    Spells: 3/21 levels left

rFire   + . .      SeeInvis .   s - +12 dagger of the Enfolding Gods {vorpal, *Rage rF+ rN+ Stlth+}
rCold   . . .      Faith    .   (shield unavailable)
rNeg    + . .      Spirit   .   (body armour unavailable)
rPois   .          Reflect  .   (helmet restricted)
rElec   .          Harm     .   (no cloak)
rCorr   +          Rampage  .   (no gloves)
Will    .....      Rage     20% (no boots)
Stlth   ..........              B - amulet of regeneration
HPRegen 1.11/turn               (ring unavailable)
MPRegen 0.16/turn               w - ring of resist corrosion

@: berserking (expiring), spiked, flying, very quick
A: AC +12, amphibious, unfitting armour, cold-blooded, missing a hand, unskilled
1, big wings, clever 1
a: Renounce Religion, Draw Out Power, Power Leap


You were on level 1 of the Orcish Mines.
You worshipped Ru.
Ru was greatly pleased with you.
You visited 3 branches of the dungeon, and saw 11 of its levels.
You also visited: Sewer and Ossuary.

You collected 586 gold pieces.

Inventory:

Hand Weapons
 a - a +2 dagger
 o - a +1 mace of venom
 s - the +12 dagger of the Enfolding Gods (weapon) {vorpal, *Rage rF+ rN+ Stlth+}
   (You found it on level 6 of the Dungeon)

   It inflicts extra damage upon your enemies.
   rF:        It protects you from fire.
   rN:        It protects you from negative energy.
   *Rage:     It berserks you when you make melee attacks (+20% chance).
   Stlth:     It makes you more stealthy.
Missiles
 u - 2 atropa-tipped darts
 v - 2 javelins (quivered)
 I - 3 silver javelins
Jewellery
 c - a ring of ice
 w - a ring of resist corrosion (right hand)
 B - an amulet of regeneration (around neck)
 D - a +6 ring of intelligence
 F - a +4 ring of protection
 K - a ring of fire
 O - a ring of positive energy
Wands
 j - a wand of flame (38)
 x - a wand of roots (5)
Scrolls
 b - 3 scrolls of fog
 d - a scroll of noise
 l - 2 scrolls of teleportation
 q - 3 scrolls of silence
 r - 3 scrolls of magic mapping
 y - a scroll of amnesia
 z - 3 scrolls of enchant weapon
 A - a scroll of vulnerability
 M - a scroll of enchant armour
Potions
 f - 2 potions of attraction {unknown}
 g - 4 potions of haste {unknown}
 h - a potion of ambrosia
 i - 3 potions of brilliance
 k - 4 potions of mutation
 p - 3 potions of might {unknown}
 C - a potion of flight {unknown}
 G - 2 potions of cancellation {unknown}
 H - 2 potions of curing {unknown}
 J - 2 potions of magic {unknown}


   Skills:
 * Level 4.6 Fighting
 * Level 4.9 Short Blades
 * Level 4.0 Maces & Flails
 * Level 2.9 Throwing
 * Level 4.6 Dodging
 * Level 5.8 Stealth
 * Level 5.9 Spellcasting
 * Level 2.8 Conjurations
 * Level 6.1 Hexes
 * Level 1.5 Summonings
 * Level 4.1 Ice Magic
 * Level 2.2 Poison Magic
 * Level 4.2 Evocations


You had 3 spell levels left.
You knew the following spells:

 Your Spells              Type           Power      Damage    Failure   Level
a - Ensorcelled Hibernat  Hex/Ice        54%        N/A       1%          2
b - Tukima's Dance        Hex            32%        N/A       2%          3
c - Confusing Touch       Hex            32%        N/A       2%          3
d - Dazzling Flash        Conj/Hex       50%        N/A       4%          3
e - Olgreb's Toxic Radia  Pois           15%        N/A       36%         4
f - Call Canine Familiar  Summ           12%        N/A       16%         3

Your spell library contained the following spells:

 Spells                   Type           Power      Damage    Failure   Level
 Shock                    Conj/Air       48%        1d6       5%          1
 Beastly Appendage        Tmut           12%        N/A       10%         1
 Swiftness                Air            6%         N/A       30%         3
 Silence                  Hex/Air        9%         N/A       61%         5
 Airstrike                Air            3%         2d(1-17)  69%         4
 Passage of Golubria      Tloc           6%         N/A       69%         4
 Ozocubu's Refrigeration  Ice            11%        4d10      100%        7
 Ignition                 Fire           3%         3d4       100%        8
 Lehudib's Crystal Spear  Conj/Erth      6%         10d3      100%        8


Dungeon Overview and Level Annotations

Branches:
Dungeon (9/15)             Temple (1/1) D:7             Orc (1/2) D:9
  Sewer (visited)         Ossuary (visited)
   Lair: D:8-11

Altars:
Dithmenos
Elyvilon
Hepliaklqana
Makhleb
Okawaru
Qazlal
Ru
Sif Muna
Trog
Wu Jian
Xom
Yredelemnul
Zin
The Shining One


Innate Abilities, Weirdness & Mutations

Your dull iron-grey scales are very hard. (AC +12)
You are amphibious.
You cannot fit into any form of body armour.
You are cold-blooded and may be slowed by cold attacks.
You are missing a hand.
You are somewhat unskilled. (-1 Apt)
Your large and strong wings let you fly.
Your mind is acute. (Int +4, Str/Dex -1)


Message History

The orc warlord is lightly wounded.
The orc sorcerer casts a spell.
The orc knight misses you. The orc barely misses you.
The orc warlord roars a battlecry!
The orc warrior goes into a battle-frenzy!
You puncture the orc warlord!
The orc warlord is lightly wounded.
You hit the orc warlord but do no damage.
The orc warlord is lightly wounded.
You puncture the orc warlord!
The orc warlord is moderately wounded.
The orc warlord closely misses you. The orc knight barely misses you.
The orc misses you.
You puncture the orc warlord!
The orc warlord is heavily wounded.
You hit the orc warlord but do no damage.
You tail-slap the orc warlord!
The orc warlord is heavily wounded.
The red devil hits you from afar with a +0 trident!
Barbed spikes become lodged in your body.
The orc warlord hits you with a +2 antimagic war axe!
You feel your power leaking away.
The orc knight roars a battlecry!
The orc warlord goes into a battle-frenzy!
You redirect the orc's attack!
The orc closely misses the orc sorcerer.
You hit the orc warlord. You tail-slap the orc warlord!
The orc warlord is severely wounded.
You puncture the orc warlord!
The orc warlord is severely wounded.
The orc warlord hits you with a +2 antimagic war axe!!!
* * * LOW HITPOINT WARNING * * *
You feel your power leaking away.
You focus your inner power and blind the orc warlord in retribution!
The orc sorcerer hits you but does no damage.
The orc knight closely misses you.
The orc sorcerer gestures wildly while chanting.
The orc barely misses you.
The red devil hits you from afar with a +0 trident!
You die...

....>. #...
......# ##....
.......##......
#............$.
#....$3..o....
#....o4.....#
#...ooo..##
#..o@o...#
###).o.#.#
#....# ##...#
##.## ##


You could see an orc warlord (strong, blind), an orc knight (strong), a smoke
demon (summoned), 2 orc sorcerers, a red devil (summoned), 2 orc warriors and 2
orcs.

Vanquished Creatures
  Josephine (D:9)
  4 trolls (D:9)
  A slime creature (D:9)
  A wyvern (D:9)
  4 wraiths (D:9)
  7 yaks
  A ynoxinul (D:9)
  5 humans (D:8)
  A steam dragon (D:9)
  Edmund (D:8)
  3 water moccasins
  Pargi (Sewer)
  2 black bears (D:5)
  4 orc warriors (D:9)
  4 ice beasts
  4 centaurs
  2 ogres (D:9)
  2 bullfrogs
  2 kobold brigands
  2 scorpions
  3 gnoll sergeants
  A necrophage (D:6)
  8 wights
  6 electric eels (D:9)
  4 howler monkeys
  A crimson imp (D:8)
  7 orc priests
  2 centaur zombies (Ossuary)
  8 hounds
  A gnoll bouda (D:9)
  3 jellies
  A human zombie (Ossuary)
  6 orc wizards
  An iguana (D:5)
  5 mummies (Ossuary)
  9 gnolls
  3 adders
  3 shadow imps
  2 white imps
  An ufetubus (D:5)
  2 worms (D:4)
  4 dart slugs
  30 orcs
  3 endoplasms
  3 giant cockroaches (D:4)
  A gnoll zombie (Ossuary)
  4 hobgoblins
  4 jackals
  5 ball pythons
  4 bats
  2 frilled lizards (D:1)
  7 goblins
  A goblin zombie (Ossuary)
  2 hobgoblin zombies (Ossuary)
  13 kobolds
  A kobold zombie (Ossuary)
  2 rats (D:1)
  A bush (D:6)
216 creatures vanquished.

Vanquished Creatures (collateral kills)
  A warg (D:9)
  2 ogres
  A centaur (D:6)
  A wight (D:8)
  An orc priest (D:8)
  An orc wizard (D:9)
  3 orcs
  A kobold (D:6)
11 creatures vanquished.

Vanquished Creatures (others)
  6 dancing weapons
  A troll (D:9)
  2 orcs (Orc:1)
  5 plants (D:9)
14 creatures vanquished.

Grand Total: 241 creatures vanquished

Notes
Turn   | Place    | Note
-------+----------+-------------------------------------------
     0 | D:1      | Haiku the Draconian Enchanter began the quest for the Orb.
     0 | D:1      | Reached XP level 1. HP: 14/14 MP: 3/3
   871 | D:2      | Reached XP level 2. HP: 21/22 MP: 5/5
   987 | D:2      | Learned a level 2 spell: Ensorcelled Hibernation
  1112 | D:2      | Reached skill level 3 in Hexes
  1112 | D:2      | Reached XP level 3. HP: 13/27 MP: 1/6
  1273 | D:2      | Learned a level 3 spell: Tukima's Dance
  1660 | D:3      | Reached XP level 4. HP: 34/34 MP: 3/7
  1665 | D:3      | Noticed a sky beast
  1666 | D:3      | Noticed a water moccasin
  1764 | D:4      | Reached skill level 1 in Fighting
  1775 | D:4      | Found a glowing drain.
  1801 | D:4      | Reached XP level 5. HP: 32/40 MP: 5/8
  1840 | Sewer    | Entered a sewer
  1879 | Sewer    | Learned a level 3 spell: Confusing Touch
  1902 | Sewer    | Noticed Pargi
  1915 | Sewer    | Killed Pargi
  1916 | Sewer    | Reached skill level 1 in Ice Magic
  1916 | Sewer    | Reached skill level 1 in Evocations
  2007 | D:5      | Entered Level 5 of the Dungeon
  2013 | D:5      | Reached XP level 6. HP: 37/47 MP: 3/10
  2014 | D:5      | Noticed an ice beast
  2022 | D:5      | Killed an ice beast
  2324 | D:5      | Reached skill level 4 in Hexes
  2516 | D:5      | Your scales start taking on a dull iron-grey colour.
  2516 | D:5      | Reached XP level 7. HP: 41/55 MP: 11/11
  2947 | D:6      | Identified the +12 dagger of the Enfolding Gods {vorpal,
                  | *Rage rF+ rN+ Stlth+}
  3015 | D:6      | Reached skill level 1 in Maces & Flails
  3436 | D:6      | Reached XP level 8. HP: 62/62 MP: 2/14
  3601 | D:7      | Found a glowing golden altar of the Shining One.
  3767 | D:7      | Found a staircase to the Ecumenical Temple.
  3781 | Temple   | Entered the Ecumenical Temple
  3813 | Temple   | Became a worshipper of Ru the Awakened
  4189 | D:7      | Reached skill level 5 in Hexes
  4427 | D:7      | Found a shimmering altar of Xom.
  4430 | D:7      | Found an iron altar of Okawaru.
  5611 | D:4      | Reached skill level 5 in Spellcasting
  5611 | D:4      | Reached XP level 9. HP: 70/70 MP: 8/16
  5730 | D:4      | Learned a level 3 spell: Dazzling Flash
  5823 | D:4      | Gained mutation: You are somewhat unskilled. (-1 Apt) [Ru
                  | sacrifice]
  5823 | D:4      | Reduced skill Hexes to level 4
  5823 | D:4      | Reached * piety under Ru
  6259 | D:3      | Found a hazy altar of Hepliaklqana.
  6259 | D:3      | Found a basalt altar of Yredelemnul.
  6663 | D:2      | Found a faded altar of an unknown god.
  7729 | D:8      | Found a sand-covered staircase.
  7735 | Ossuary  | Entered an ossuary
  7772 | Ossuary  | Gained mutation: Your mind is acute. (Int +4, Str/Dex -1)
                  | [potion of mutation]
  7772 | Ossuary  | Gained mutation: Your large and strong wings let you fly.
                  | [potion of mutation]
  7795 | Ossuary  | Reached skill level 1 in Throwing
  8448 | D:8      | Reached skill level 1 in Conjurations
  8474 | D:8      | Reached skill level 5 in Hexes
  8748 | D:8      | Identified a scroll of acquirement
  8799 | D:8      | Acquired the Unrestrained Analects
  8806 | D:8      | Learned a level 4 spell: Olgreb's Toxic Radiance
  8824 | D:8      | Noticed Edmund
  8838 | D:8      | Killed Edmund
  8849 | D:8      | Reached skill level 5 in Spellcasting
  8857 | D:8      | Reached skill level 5 in Stealth
  9045 | D:8      | Reached XP level 10. HP: 78/78 MP: 13/17
  9167 | D:9      | Gained mutation: You are missing a hand. [Ru sacrifice]
  9167 | D:9      | Reached ** piety under Ru
  9167 | D:9      | Reached *** piety under Ru
  9167 | D:9      | Reached **** piety under Ru
  9174 | D:9      | Found a staircase to the Orcish Mines.
  9270 | D:9      | Reached skill level 1 in Poison Magic
  9741 | D:9      | Found a shimmering blue altar of Sif Muna.
  9757 | D:9      | Got Sif Muna's Excursus on Congregated Reformation
  9764 | D:9      | Learned a level 3 spell: Call Canine Familiar
  9774 | D:9      | Found a bloodstained altar of Trog.
 10495 | D:8      | Reached skill level 1 in Summonings
 10898 | Orc:1    | Entered Level 1 of the Orcish Mines
 10898 | Orc:1    | Noticed Josephine
 10898 | Orc:1    | Noticed an orc sorcerer
 10906 | D:9      | Reached skill level 6 in Hexes
 10968 | D:9      | Reached XP level 11. HP: 70/85 MP: 16/19
 11018 | Orc:1    | Noticed a sun demon
 11086 | Orc:1    | Noticed an orc knight
 11103 | D:9      | Killed Josephine
 11145 | Orc:1    | Noticed an orc warlord
 11145 | Orc:1    | Noticed an orc sorcerer
 11325 | Orc:1    | HP: 4/127 [orc warlord/+2 antimagic war axe (39)]
 11325 | Orc:1    | Mangled by a red devil

Illustrated notes

Levels and vault maps discovered:
D:1:      eino_arrival_tree_alley, layout_loops_corners, minmay_surrounded
D:2:      cheibrodos_pilgrimage, layout_loops_ring,
          hellmonk_ecumenical_altar_arch_garden
D:3:      layout_basic, gammafunk_temple_overflow_wave, lightli_corner_chamber
D:4:      layout_basic, portal_sewer_entry_d, reono_crystal_passage
D:5:      layout_loops_ring
D:6:      cheibrodos_thug_alley, layout_basic, kb_lookout_dungeons_type
D:7:      layout_basic, tso_metal_star, minitemple, minmay_temple_entry_arrows
D:8:      erik_cavepeople, layout_basic, nicolae_ossuary_entry_false_entrances,
          minmay_fire_ice_demons
D:9:      cheibrodos_two_vegetables, layout_stronghold,
          nzn_overflow_gifts_of_might_and_magic, orc_0_dummy,
          serial_column_ruins, column_ruins_hut_pillars, column_ruins_open_tiny,
          column_ruins_open_tiny, column_ruins_open_tiny,
          column_ruins_corridor_straight, column_ruins_corridor_corner,
          minmay_misc_feat_tiny, hangedman_corner_corridor
Temple:   eino_wide_crystal_templ
Orc:1:    layout_diamond_mine, uniq_josephine, uniq_erolcha

Skill      XL: |  1  2  3  4  5  6  7  8  9 10 11 |
---------------+----------------------------------+-----
Dodging        | 2 3 4 |  4.6
Stealth        | 3 4 5 |  5.8
Hexes          | 3 4 5 5 6 |  6.1
Fighting       | 1 2 3 4 |  4.6
Short Blades   | 2 3 4 |  4.9
Ice Magic      | 1 2 3 3 4 |  4.1
Evocations     | 1 2 3 4 |  4.2
Spellcasting   | 3 4 5 5 |  5.9
Maces & Flails | 1 2 3 4 |  4.0
Throwing       | 1 2 |  2.9
Conjurations   | 1 2 |  2.8
Poison Magic   | 2 |  2.2
Summonings     | 1 |  1.5

Action                   |  1- 3 |  4- 6 |  7- 9 | 10-12 || total
-------------------------+-------+-------+-------+-------++-------
Melee: Dagger            |    95 |    15 |   216 |   143 ||   469
       Tailslap          |     8 |     8 |    16 |    24 ||    56
       Punch             |     2 |       |     3 |       ||     5
       Mace              |       |    14 |    10 |       ||    24
Throw: Javelin           |       |       |     9 |     3 ||    12
       Dart              |       |       |     1 |       ||     1
 Cast: Ensorcelled Hiber |     7 |    15 |    32 |     7 ||    61
       Tukima's Dance    |     5 |       |    34 |    23 ||    62
       Confusing Touch   |       |       |     6 |     6 ||    12
       Dazzling Flash    |       |       |     3 |       ||     3
       Call Canine Famil |       |       |       |     2 ||     2
       Olgreb's Toxic Ra |       |       |       |     1 ||     1
Invok: Sacrifice Skill   |       |       |     1 |       ||     1
       Power Leap        |       |       |       |     5 ||     5
       Sacrifice a Hand  |       |       |       |     1 ||     1
Evoke: Wand              |       |    15 |     5 |    10 ||    30
  Use: Scroll            |     4 |     5 |    15 |     5 ||    29
       Potion            |     2 |       |     2 |     3 ||     7
 Stab: Sleeping          |     5 |     5 |    34 |     7 ||    51
       Distracted        |       |       |     3 |     1 ||     4
       Paralysed         |       |       |       |     2 ||     2
       Invisible         |       |       |       |     1 ||     1
Armor: Skin              |    40 |    25 |   143 |    88 ||   296
Dodge: Dodged            |    65 |    46 |   184 |   166 ||   461
